AoeStats
← DjaFFer

Lombardia

510155033Analyzed
2v2 RM · 20h ago on Sep 29, 2026· 59m 32s· 4 players
Game mode
Random Map
Map size
Medium (4 player)
Population
200
Speed
Normal
Resources
Standard
Victory
Conquest
Starting age
Dark Age
Ending age
Imperial Age
RankedLock teamsTeams togetherTeam positionsShared explorationLock speedFull tech treeHidden civsTurbo modeCheats
Victory
Defeat
🇩🇰 Mongols · Denmark
1152
+16
🇩🇰 Huns · Denmark
1146
+16
🇨🇭 Tatars · Switzerland
1166
-17
🇨🇭 Lithuanians · Switzerland
1127
-15
Judean People's Front
5:53 Loom
9:02 Feudal Age
9:40 Double-Bit Axe
16:35 Horse Collar
26:27 Castle Age
26:00 Fletching
26:25 Bloodlines
27:15 Bodkin Arrow
27:36 Bow Saw
29:57 Padded Archer Armor
30:21 Gold Mining
32:07 Husbandry
33:31 Leather Archer Armor
33:21 Town Watch
34:18 Ballistics
37:58 Gold Shaft Mining
41:40 Stone Mining
43:44 Guard Tower
44:06 Masonry
49:01 Imperial Age
48:15 Wheelbarrow
50:00 Bracer
49:39 Capped Ram
52:33 Chemistry
56:48 Conscription
58:44 Siege Ram
TheNight
9:42 Feudal Age
10:23 Double-Bit Axe
14:09 Loom
23:14 Castle Age
22:10 Bloodlines
22:09 Fletching
22:53 Scale Barding Armor
23:46 Forging
26:23 Bodkin Arrow
29:24 Bow Saw
29:53 Wheelbarrow
30:47 Husbandry
31:48 Chain Barding Armor
31:52 Pikeman
33:09 Town Watch
35:40 Scale Mail Armor
39:52 Ballistics
39:57 Chain Mail Armor
43:47 Squires
47:57 Imperial Age
47:27 Iron Casting
48:31 Halberdier
49:27 Capped Ram
56:03 Plate Barding Armor
56:43 Hand Cart
58:30 Conscription
AupairMann
9:04 Feudal Age
7:20 Loom
10:16 Double-Bit Axe
25:05 Castle Age
24:24 Bloodlines
24:23 Scale Barding Armor
25:30 Forging
25:06 Horse Collar
26:15 Chain Barding Armor
28:29 Husbandry
33:19 Wheelbarrow
35:26 Bow Saw
36:44 Gold Mining
43:53 Imperial Age
43:04 Iron Casting
43:32 Heavy Plow
44:41 Hand Cart
44:11 Town Watch
45:20 Elite Steppe Lancer
45:23 Heavy Camel Rider
46:24 Heavy Scorpion
47:06 Fletching
49:03 Chemistry
50:49 Blast Furnace
50:04 Bodkin Arrow
51:59 Ballistics
51:47 Siege Engineers
52:47 Bracer
55:23 Elite Steppe Lancer
58:21 Town Patrol
59:46 Gold Shaft Mining
58:57 Light Cavalry
DjaFFer
3:57 Loom
9:24 Feudal Age
12:07 Forging
23:43 Double-Bit Axe
27:52 Castle Age
26:07 Scale Barding Armor
27:52 Bloodlines
28:31 Fletching
28:41 Padded Archer Armor
29:23 Bow Saw
29:49 Bodkin Arrow
30:10 Leather Archer Armor
31:55 Thumb Ring
34:51 Ballistics
35:01 Town Watch
35:52 Wheelbarrow
40:53 Hand Cart
44:03 Imperial Age
43:02 Gold Mining
44:46 Bracer
45:17 Parthian Tactics
48:44 Chemistry
49:36 Town Patrol
50:23 Heavy Cavalry Archer
54:08 Gold Shaft Mining
57:05 Conscription
58:14 Atheism
58:15 Marauders
58:37 Chain Barding Armor
58:54 Iron Casting
60:04 Two-Man Saw
60:26 Plate Barding Armor
59:58 Husbandry
Connection lost

Rejoining the realm…

Still unreachable

The connection could not be restored.

Session expired

The server has moved on; the page needs a fresh start.